 Dungeon Crawl Stone Soup version 0.30-a0-924-g0ad0bf95bc (webtiles) character file.

Game seed: 10263480852921259128

38 Pimp the Shooter (level 3, -2/35 HPs)
             Began as a Gnoll Wanderer on Mar 22, 2023.
             Killed by nerve-wracking pain
             ... invoked by Jessica
              (14 damage)
             ... on level 2 of the Dungeon.
             The game lasted 00:02:47 (922 turns).

Pimp the Shooter (Gnoll Wanderer)                    Turns: 922, Time: 00:02:47

Health: -2/35      AC:  3    Str: 11    XL:     3   Next: 43%
Magic:  4/4        EV: 11    Int: 12    God:
Gold:   43         SH:  0    Dex: 12    Spells: 3/3 levels left

rFire   . . .      SeeInvis .    a - +1 shortbow
rCold   . . .      Faith    .    (shield currently unavailable)
rNeg    . . .      Spirit   .    d - +0 leather armour
rPois   .          Reflect  .    (no helmet)
rElec   .          Rampage  .    (no cloak)
rCorr   .                        (no gloves)
Will    .....                    (no boots)
Stlth   +                        f - amulet of the acrobat
HPRegen 0.25/turn                (no ring)
MPRegen 0.09/turn                (no ring)

@: no status effects
A: fangs 1, strong nose, distributed training
a: no special abilities


You were on level 2 of the Dungeon.
You visited 1 branch of the dungeon, and saw 2 of its levels.

You collected 43 gold pieces.

Inventory:

Hand Weapons
 a - a +1 shortbow (weapon)
 g - a +2 dagger of electrocution
Armour
 d - a +0 leather armour (worn)
Jewellery
 f - an amulet of the acrobat (around neck)
Scrolls
 c - a scroll of fear
 h - 2 scrolls of identify {unknown}
Potions
 e - 2 potions of mutation {unknown}
 i - 2 potions of haste {unknown}
Miscellaneous
 b - a piece from Xom's chessboard (15/15)


   Skills:
 + Level 6.5 Fighting
 + Level 0.8 Short Blades
 + Level 0.8 Long Blades
 + Level 0.8 Axes
 + Level 0.8 Maces & Flails
 + Level 0.8 Polearms
 + Level 0.8 Staves
 + Level 6.5 Ranged Weapons
 + Level 2.6 Throwing
 + Level 2.6 Armour
 + Level 0.8 Dodging
 + Level 0.8 Stealth
 + Level 0.8 Shields
 + Level 0.8 Unarmed Combat
 + Level 0.8 Spellcasting
 + Level 0.5 Conjurations
 + Level 0.5 Hexes
 + Level 0.5 Summonings
 + Level 0.5 Necromancy
 + Level 0.5 Translocations
 + Level 0.5 Transmutations
 + Level 0.5 Fire Magic
 + Level 0.5 Ice Magic
 + Level 0.5 Air Magic
 + Level 0.5 Earth Magic
 + Level 0.5 Poison Magic
 + Level 1.0 Invocations
 + Level 4.5 Evocations


You had 3 spell levels left.
You didn't know any spells.
Your spell library was empty.

Dungeon Overview and Level Annotations

Branches:
Dungeon (2/15)

Altars:
Hepliaklqana

Annotations:
D:2 Jessica


Innate Abilities, Weirdness & Mutations

You have very sharp teeth.
Your uncanny sense of smell can sniff out nearby items.
Your experience applies equally to all skills.


Message History

The endoplasm quivers.
The arrow hits the rat but does no damage.
The rat bites you.
You shoot an arrow. The arrow hits the rat.
You kill the rat!
The endoplasm freezes you.
You are frozen.
You shoot an arrow. The arrow hits the endoplasm.
You kill the endoplasm!
You hear a shout!
Jessica the Apprentice Sorceress comes into view.
She is wielding a +0 dagger.
Found a leather armour.
Jessica points at you and mumbles some strange words.
Pain shoots through your body!
Jessica mumbles some strange words.
Jessica seems to speed up.
A giant cockroach comes into view.
Jessica completely misses you. Jessica closely misses you.
You shoot an arrow. The arrow closely misses Jessica.
Jessica gestures at you while chanting. Pain shoots through your body!
Jessica hits you with a +0 dagger.
You shoot an arrow. The arrow closely misses Jessica.
The arrow hits the giant cockroach.
The giant cockroach is almost dead.
Jessica hits you with a +0 dagger.
You shoot an arrow. The arrow barely misses Jessica.
Jessica casts a spell.
Jessica blinks!
The giant cockroach bites you but does no damage.
Unknown command.
You shoot an arrow. The arrow hits the giant cockroach.
You kill the giant cockroach!
Fire: a) +1 shortbow
Press: ? - help, Q - select action, (/) - cycle Shift-Dir - straight line, f - Jessica
Aim: Jessica, wielding a +0 dagger and wearing a +0 robe (fast, 65% to hit)
You shoot an arrow.
The arrow hits Jessica but does no damage.
Jessica gestures at you while chanting. Pain shoots through your body!
You die...

#..........#
#..........#
#..........#
#..........#######
#.................
####.......).........
..............<.......
.........###..........
........@# #..........
.........# ###########
.........@ ...........
........[...
.....##..... .....
#...... ##### #.......


You could see Jessica (fast).

Vanquished Creatures
  A dart slug (D:1)
  2 ball pythons (D:1)
  2 bats (D:1)
  3 endoplasms
  3 giant cockroaches
  3 goblins (D:1)
  A hobgoblin (D:1)
  4 jackals (D:1)
  A kobold (D:1)
  3 quokkas (D:1)
  7 rats
30 creatures vanquished.

Notes
Turn   | Place    | Note
-------+----------+-------------------------------------------
     0 | D:1      | Pimp the Gnoll Wanderer began the quest for the Orb.
     0 | D:1      | Pimp set off with the following items: a +1 shortbow, a
                  | piece from Xom's chessboard (15/15), a scroll of fear, a +0
                  | leather armour.
     0 | D:1      | Reached XP level 1. HP: 23/23 MP: 1/1
   171 | D:1      | Reached XP level 2. HP: 29/29 MP: 2/2
   354 | D:1      | Reached XP level 3. HP: 35/35 MP: 3/3
   561 | D:1      | Reached skill level 1 in Invocations
   828 | D:1      | Found a hazy altar of Hepliaklqana.
   913 | D:2      | Noticed Jessica
   922 | D:2      | Killed from afar by Jessica

Illustrated notes

Levels and vault maps discovered:
D:1:      dpeg_arrival_water_altar, layout_loops_ring, serial_bayou_pond_d
D:2:      layout_basic, serial_shops, nicolae_shop_stone, shop, uniq_jessica

Skill      XL: |  1  2  3 |
---------------+----------+-----
Invocations    | 1 |  1.0
Fighting       | |  6.5
Short Blades   | |  0.8
Long Blades    | |  0.8
Axes           | |  0.8
Maces & Flails | |  0.8
Polearms       | |  0.8
Staves         | |  0.8
Ranged Weapons | |  6.5
Throwing       | |  2.6
Armour         | |  2.6
Dodging        | |  0.8
Stealth        | |  0.8
Shields        | |  0.8
Unarmed Combat | |  0.8
Spellcasting   | |  0.8
Conjurations   | |  0.5
Hexes          | |  0.5
Summonings     | |  0.5
Necromancy     | |  0.5
Translocations | |  0.5
Transmutations | |  0.5
Fire Magic     | |  0.5
Ice Magic      | |  0.5
Air Magic      | |  0.5
Earth Magic    | |  0.5
Poison Magic   | |  0.5
Evocations     | |  4.5

Action                     || total
---------------------------++-------
   Fire: Shortbow          ||    78
  Evoke: Piece from Xom's  ||     1
 Armour: Leather armour    ||    11
  Dodge: Dodged            ||    36

Table legend: (Time is in decaauts)
 A = Elapsed time spent in this place.
 B = Non-inter-level travel time spent in this place.
 C = Inter-level travel time spent in this place.
 D = Time resting spent in this place.
 E = Time spent auto-exploring this place.
 F = Levels seen in this place.
 G = Mean time per level.
                   A        B        C        D        E       F      G
               +--------+--------+--------+--------+--------+-----+--------+
         Total |    943 |    874 |     69 |     78 |    586 |   2 |  471.5 |
       Dungeon |    943 |    874 |     69 |     78 |    586 |   2 |  471.5 |
               +--------+--------+--------+--------+--------+-----+--------+

Top non-repeatable levels by time:
     D:1: 921 daAuts
     D:2: 21 daAuts
